 Dungeon Crawl Stone Soup version 0.30-a0-636-g200c5c4a83 (webtiles) character file.

Game seed: 12947545301155660051

132 Alitron123 the Slasher (level 5, 0/63 HPs)
             Began as a Human Berserker on Jan 14, 2023.
             Was a Believer of Trog.
             Slain by a hobgoblin (3 damage)
             ... led by Robin
             ... on level 3 of the Dungeon.
             The game lasted 00:11:04 (1403 turns).

Alitron123 the Slasher (Human Berserker)            Turns: 1403, Time: 00:11:05

Health: 0/63       AC: 22    Str: 19    XL:     5   Next: 38%
Magic:  5/5        EV:  2    Int: 12    God:    Trog [**....]
Gold:   74         SH:  0    Dex: 13    Spells: 4/4 levels left

rFire   . . .      SeeInvis +    a - +0 falchion
rCold   . . .      Faith    .    (no shield)
rNeg    . . .      Spirit   .    (body armour currently unavailable)
rPois   +          Reflect  .    (helmet currently unavailable)
rElec   +          Harm     .    (cloak currently unavailable)
rCorr   .          Rampage  .    (gloves currently unavailable)
Will    .....      NoTele   +    (boots currently unavailable)
Stlth   +                        (no amulet)
HPRegen 0.30/turn                c - ring "Xoedgh" {rElec Int+5 SInv}
MPRegen 0.09/turn                (no ring)

@: mighty, tree-form, invisible (expiring)
A: stationary, stasis, torment immunity, boosted hp, (antennae 1), (iridescent
scales 1), (deformed body)
a: Renounce Religion, Berserk, Trog's Hand


You were on level 3 of the Dungeon.
You worshipped Trog.
Trog was pleased with you.
You were a tree.
You visited 1 branch of the dungeon, and saw 3 of its levels.

You collected 74 gold pieces.

Inventory:

Hand Weapons
 a - a +0 falchion (weapon)
Missiles
 d - 2 silver javelins (quivered)
 f - 4 poisoned darts
 n - 23 stones
Armour
 b - a +0 helmet (melded)
 g - a +0 pair of boots (melded)
 h - the +7 Kryia's mail coat (melded) {PotionHeal*2 rC+}
   (You acquired it on level 2 of the Dungeon)

   PotionHeal*2: Potions heal its wearer twice as much.
   rC:        It protects you from cold.
 i - a +1 pair of gloves of stealth (melded)
Jewellery
 c - the ring "Xoedgh" (left branch) {rElec Int+5 SInv}
   (You acquired it on level 2 of the Dungeon)

   [ring of see invisible]

   Int:       It affects your intelligence (+5).
   rElec:     It insulates you from electricity.
   SInv:      It lets you see invisible.


   Skills:
 + Level 3.9 Fighting
 + Level 4.2 Long Blades
 + Level 0.8 Throwing
 + Level 2.4 Armour
 + Level 2.7 Dodging


You had 4 spell levels left.
You didn't know any spells.
Your spell library contained the following spells:

 Spells                   Type           Power      Damage    Failure   Level
 Ensorcelled Hibernation  Hex/Ice        0%         N/A       45%         2
 Passwall                 Tmut/Erth      0%         N/A       45%         2
 Gell's Gravitas          Tloc           0%         N/A       69%         3
 Swiftness                Air            0%         N/A       69%         3
 Teleport Other           Tloc           0%         N/A       69%         3
 Dispersal                Tloc           0%         N/A       100%        6


Dungeon Overview and Level Annotations

Branches:
Dungeon (3/15)

Altars:

Annotations:
D:3 Robin


Innate Abilities, Weirdness & Mutations

You are a tree.
Your roots penetrate the ground, keeping you stationary.
You cannot be teleported.
You are immune to unholy pain and torment.
Your maximum health is greatly increased.
Your equipment is partially melded.
((You have a pair of small antennae on your head.))
((You are partially covered in iridescent scales. (AC +2)))
((Armour fits poorly on your strangely shaped body.))


Message History

The hobgoblin hits you but does no damage.
The water moccasin bites you but does no damage.
The ball python bites you but does no damage.
The hobgoblin hits you but does no damage.
You hit the water moccasin.
The water moccasin is lightly wounded.
The water moccasin barely misses you.
The ball python bites you but does no damage.
The water moccasin bites you but does no damage.
The hobgoblin hits you but does no damage.
You barely miss the water moccasin.
The water moccasin is lightly wounded.
The ball python bites you but does no damage.
The water moccasin bites you but does no damage.
The hobgoblin hits you but does no damage.
You barely miss the water moccasin.
The water moccasin is lightly wounded.
The ball python bites you but does no damage.
The water moccasin bites you but does no damage.
The ball python bites you but does no damage.
The water moccasin bites you.
* * * LOW HITPOINT WARNING * * *
You slash the ball python!
You kill the ball python!
Trog accepts your kill.
You flicker for a moment.
The goblin completely misses you.
The hobgoblin hits you but does no damage.
You catch the helpless hobgoblin completely off-guard!
You hit the hobgoblin.
You kill the hobgoblin!
Trog accepts your kill. The water moccasin barely misses you.
The goblin hits you but does no damage.
The hobgoblin hits you but does no damage.
The water moccasin bites you but does no damage.
You barely miss the water moccasin.
The water moccasin is lightly wounded.
The water moccasin bites you but does no damage.
The hobgoblin hits you.
You die...

.....## # #........
.## .###....... ....
.........#####.....
........##........
#.g..............
..###......)....##.##
.........g).........
#...g♣........#.#
#(..gS####....#
#....g# ....# #..##.#
.####
#...(.........##
...##.#!######. .
.....# .....g.
#....gg.


You could see a water moccasin (unable to see you), Robin (unable to see you), 2
hobgoblins and 2 goblins.

Vanquished Creatures
  A hound (D:3)
  Jessica (D:2)
  Terence (D:2)
  2 adders
  A dart slug (D:2)
  An orc (D:3)
  An endoplasm (D:2)
  2 giant cockroaches
  6 goblins
  4 hobgoblins
  3 quokkas
  2 ball pythons
  2 bats (D:2)
27 creatures vanquished.

Notes
Turn   | Place    | Note
-------+----------+-------------------------------------------
     0 | D:1      | Alitron123 the Human Berserker began the quest for the Orb.
     0 | D:1      | Reached XP level 1. HP: 18/18 MP: 1/1
    97 | D:2      | Noticed Jessica
   112 | D:2      | Killed Jessica
   113 | D:2      | Reached XP level 2. HP: 8/24 MP: 2/2
   113 | D:2      | Reached XP level 3. HP: 10/29 MP: 3/3
   547 | D:2      | Noticed Terence
   554 | D:2      | Killed Terence
   555 | D:2      | Reached XP level 4. HP: 16/37 MP: 4/4
   972 | D:2      | Identified 3 scrolls of acquirement
  1012 | D:2      | Acquired the ring "Xoedgh" {rElec Int+5 SInv}
  1036 | D:2      | Acquired the +7 Kryia's mail coat {PotionHeal*2 rC+}
  1036 | D:2      | Found the +7 Kryia's mail coat {PotionHeal*2 rC+}
  1335 | D:2      | Acquired a +1 pair of gloves of stealth
  1369 | D:3      | Noticed a water moccasin
  1371 | D:3      | Noticed Robin
  1379 | D:3      | Gained mutation: Armour fits poorly on your strangely
                  | shaped body. [potion of mutation]
  1379 | D:3      | Gained mutation: You have a pair of small antennae on your
                  | head. [potion of mutation]
  1379 | D:3      | Gained mutation: You are partially covered in iridescent
                  | scales. (AC +2) [potion of mutation]
  1384 | D:3      | Reached skill level 4 in Long Blades
  1384 | D:3      | Reached XP level 5. HP: 13/42 MP: 5/5
  1391 | D:3      | Reached ** piety under Trog
  1392 | D:3      | HP: 3/63 [hobgoblin[Robin] (2)]
  1397 | D:3      | HP: 3/63 [water moccasin (2)]
  1403 | D:3      | Slain by a hobgoblin

Illustrated notes

Levels and vault maps discovered:
D:1:      minmay_arrival_nine_rooms, layout_loops_ring
D:2:      minmay_wonky_spiral, layout_loops_cross, kennysheep_generic_room_12,
          uniq_jessica, uniq_terence
D:3:      layout_rooms, gammafunk_temple_overflow_pools, serial_shops,
          nicolae_square_shop, shapermc_ecumenical_altar_gd, minmay_surrounded,
          uniq_robin

Skill      XL: |  1  2  3  4 |
---------------+-------------+-----
Long Blades    | 4 |  4.2
Fighting       | |  3.9
Throwing       | |  0.8
Armour         | |  2.4
Dodging        | |  2.7

Action                   |  1- 3 |  4- 6 || total
-------------------------+-------+-------++-------
Melee: Falchion          |    17 |    47 ||    64
       Punch             |       |     2 ||     2
Throw: Javelin           |     8 |    11 ||    19
  Use: Potion            |     2 |     4 ||     6
       Scroll            |     1 |    10 ||    11
 Stab: Invisible         |       |     1 ||     1
Armor: Robe              |     6 |       ||     6
       Skin              |       |    63 ||    63
       Chain mail        |       |    12 ||    12
       Scale mail        |       |     8 ||     8
Dodge: Dodged            |    11 |    27 ||    38

Table legend: (Time is in decaauts)
 A = Elapsed time spent in this place.
 B = Non-inter-level travel time spent in this place.
 C = Inter-level travel time spent in this place.
 D = Time resting spent in this place.
 E = Time spent auto-exploring this place.
 F = Levels seen in this place.
 G = Mean time per level.
                   A        B        C        D        E       F      G
               +--------+--------+--------+--------+--------+-----+--------+
         Total |   1425 |    584 |    841 |      0 |    289 |   3 |  475.0 |
       Dungeon |   1425 |    584 |    841 |      0 |    289 |   3 |  475.0 |
               +--------+--------+--------+--------+--------+-----+--------+

Top non-repeatable levels by time:
     D:2: 1296 daAuts
     D:1: 75 daAuts
     D:3: 54 daAuts
